 Dungeon Crawl Stone Soup version 0.21-a0-521-g1cd18d1 (webtiles) character file.

235 slep the Chopper (level 5, 0/40 HPs)
             Began as a Minotaur Gladiator on Dec 6, 2017.
             Slain by a hound (2 damage)
             ... on level 4 of the Dungeon.
             The game lasted 00:09:13 (2562 turns).

slep the Chopper (Minotaur Gladiator)               Turns: 2562, Time: 00:09:14

Health: 0/40       AC:  9    Str: 19    XL:     5   Next: 76%
Magic:  4/4        EV:  9    Int:  7    God:
Gold:   128        SH:  0    Dex: 12    Spells: 4/4 levels left

rFire    . . .     SeeInvis .   a - +0 war axe
rCold    . . .     Gourm    .   (no shield)
rNeg     . . .     Faith    .   e - +0 chain mail
rPois    .         Spirit   .   c - +0 hat
rElec    .         Reflect  .   (no cloak)
rCorr    .         Harm     .   (no gloves)
MR       .....     Rnd*Tele +   (no boots)
Stlth    ..........             (no amulet)
HPRegen  0.13/turn              (no ring)
MPRegen  0.09/turn              (no ring)

@: no status effects
A: retaliatory headbutt, horns 2, clever 1, frail 1, teleportitis 1
a: no special abilities


You were on level 4 of the Dungeon.
You were not hungry.

You visited 1 branch of the dungeon, and saw 4 of its levels.

You collected 128 gold pieces.

Inventory:

Hand Weapons
 a - a +0 war axe (weapon)
Missiles
 d - 3 throwing nets (quivered)
Armour
 b - a +0 leather armour
 c - a +0 hat (worn)
 e - a +0 chain mail (worn)
 k - a +0 pair of boots
Scrolls
 h - 7 scrolls of identify {unknown}
 i - a scroll of blinking {unknown}
 j - 3 scrolls of remove curse {unknown}
 n - 2 scrolls of teleportation {unknown}
Potions
 g - a potion of heal wounds
 m - a potion of curing
 p - 2 potions of magic {unknown}
Comestibles
 f - 2 bread rations
 l - a chunk of flesh
 o - 2 royal jellies


   Skills:
 + Level 3.6 Fighting
 + Level 6.2 Axes
 + Level 2.3 Throwing
 + Level 2.8 Armour
 + Level 3.7 Dodging
 + Level 0.1 Stealth


You had 4 spell levels left.
You didn't know any spells.

Dungeon Overview and Level Annotations

Branches:
Dungeon (4/15)
 Temple: D:4-7

Altars:
Hepliaklqana

Annotations:
D:3 slep's ghost, amateur DsGl


Innate Abilities, Weirdness & Mutations

You reflexively headbutt those who attack you in melee.
You have a pair of horns on your head.
Your mind is acute. (Int +2)
You are frail. (-10% HP)
You are occasionally teleported next to monsters.


Message History

Things that are here:
a dire flail of protection; a glowing robe; the orc corpse of Blork the orc You closely miss the hound.
The hound bites you but does no damage. The hound barely misses you.
You miss the hound. Your headbutt misses the hound.
The hound bites you but does no damage. The hound barely misses you.
You hit the hound. You headbutt the hound.
The hound is moderately wounded.
The hound bites you but does no damage.
You hit the hound.
The hound is heavily wounded.
The hound bites you but does no damage. The hound bites you.
* * * LOW HITPOINT WARNING * * *
You closely miss the hound.
The hound is heavily wounded.
The hound bites you but does no damage. x2
You hit the hound.
The hound is almost dead.
The hound bites you.
You die...

#.#.......#.###
.............. # #<..#.#.#
.#.#.#.....# #...........#
##.##.##....# .[..........#
###########
###.#.##....#####.......%.#
#.#.##.......h@.........#
............####.........#
##..(###....# #.....[...#
.... #<..#+## #..........
.##..###+#+#####.........#
#...........##.........#
...#..........############
#..........# ...>.........#


You could see a hound.

Vanquished Creatures
  Blork the orc (D:4)
  An orc wizard (D:3)
  Robin (D:2)
  A gnoll (D:1)
  5 adders
  An ooze (D:2)
  3 worms
  2 dart slugs
  5 orcs (D:3)
  A giant cockroach (D:3)
  14 goblins
  5 hobgoblins
  A quokka (D:2)
  7 bats
  4 frilled lizards
  6 kobolds
  A leopard gecko zombie (D:3)
  6 rats (D:1)
65 creatures vanquished.

Notes
Turn   | Place    | Note
-------+----------+-------------------------------------------
     0 | D:1      | slep the Minotaur Gladiator began the quest for the Orb.
     0 | D:1      | Reached XP level 1. HP: 18/18 MP: 0/0
   258 | D:1      | Reached skill level 4 in Axes
   258 | D:1      | Reached XP level 2. HP: 24/25 MP: 1/1
   700 | D:2      | Reached XP level 3. HP: 30/30 MP: 2/2
   720 | D:2      | Noticed Robin
   731 | D:2      | Killed Robin
   760 | D:2      | Reached skill level 1 in Armour
   893 | D:2      | Reached skill level 5 in Axes
   893 | D:2      | Reached XP level 4. HP: 15/37 MP: 3/3
  1525 | D:3      | Noticed slep's ghost (amateur DsGl)
  1822 | D:2      | Gained mutation: You are frail. (-10% HP) [potion of mutation]
  1822 | D:2      | Gained mutation: You are occasionally teleported next to monsters. [potion of mutation]
  1822 | D:2      | Gained mutation: Your mind is acute. (Int +2) [potion of mutation]
  1851 | D:3      | Found a hazy altar of Hepliaklqana.
  1867 | D:3      | HP: 1/34 [adder (4)]
  2295 | D:3      | Reached XP level 5. HP: 39/40 MP: 4/4
  2528 | D:4      | Noticed Blork the orc
  2555 | D:4      | Killed Blork the orc
  2555 | D:4      | Reached skill level 6 in Axes
  2560 | D:4      | HP: 2/40 [hound (3)]
  2562 | D:4      | Slain by a hound

Vault maps used:
D:1:      nicolae_arrival_somewhat_less_tricky_arrival
D:2:      kennysheep_generic_room_7, uniq_robin
D:3:      overflow_temple_1_default, amethyst_killhole, uniq_crazy_yiuf_cottage
D:4:      minmay_temple_entry_statues_fountains, first_bread, serial_shops,
          nicolae_shop_statue_plus, uniq_edmund, uniq_blork_the_orc

Skill      XL: |  1  2  3  4  5 |
---------------+----------------+-----
Axes           | 4 5 6 |  6.2
Armour         | 1 2 |  2.8
Fighting       | 3 |  3.6
Throwing       | |  2.3
Dodging        | |  3.7
Stealth        | |  0.1

Action                   |  1- 3 |  4- 6 || total
-------------------------+-------+-------++-------
Melee: War axe           |    73 |    88 ||   161
       Headbutt          |     3 |    19 ||    22
  Use: Potion            |       |     3 ||     3
  Eat: Chunk             |       |     5 ||     5
Armor: Chain mail        |    60 |    44 ||   104
Dodge: Dodged            |    36 |    24 ||    60

Table legend:
 A = Spawn XP
 B = Non-spawn XP
 C = Spawn XP percentage of total XP
 D = Spawn monster count
 E = Non-spawn monster count
 F = Spawn count percentage of total count
 G = Total turns spent on level
                    A         B        C        D         E        F      G
               +---------+---------+-------+---------+---------+-------+---------
         Total |       0 |     337 |   0.0 |       0 |      65 |   0.0 |  2562
               +---------+---------+-------+---------+---------+-------+---------
           D:1 |       0 |      38 |   0.0 |       0 |      19 |   0.0 |   683
           D:2 |       0 |     104 |   0.0 |       0 |      25 |   0.0 |  1386
           D:3 |       0 |     100 |   0.0 |       0 |      19 |   0.0 |   440
           D:4 |       0 |      95 |   0.0 |       0 |       2 |   0.0 |    53
               +---------+---------+-------+---------+---------+-------+---------
